 Dungeon Crawl Stone Soup version 0.23.2-30-g0e89c35649 (webtiles) character file.

Game seed: 12998161692048082671

1918 diana the Skirmisher (level 9, -1/56 HPs)
             Began as a Gargoyle Fighter on June 12, 2019.
             Was a Believer of Okawaru.
             Slain by an orc warrior
             ... wielding a +0 dire flail
              (7 damage)
             ... on level 5 of the Dungeon.
             The game lasted 00:10:59 (5372 turns).

diana the Skirmisher (Gargoyle Fighter)             Turns: 5372, Time: 00:11:00

Health: -1/56      AC: 18    Str: 26    XL:     9   Next: 16%
Magic:  8/9        EV: 14    Int:  9    God:    Okawaru [**....]
Gold:   28         SH: 13    Dex:  9    Spells: 8/8 levels left

rFire    . . .     SeeInvis .   G - +0 morningstar
rCold    . . .     Gourm    .   c - +0 shield
rNeg     + . .     Faith    .   D - +1 ring mail {MR+}
rPois    ∞         Spirit   .   s - +0 helmet
rElec    +         Reflect  .   (no cloak)
rCorr    .         Harm     .   w - +0 pair of gloves
MR       ++...                  (no boots)
Stlth    ++........             y - amulet of magic regeneration
HPRegen  0.18/turn              B - +3 ring of strength
MPRegen  0.36/turn              u - ring of protection from magic

@: heroism
A: negative energy resistance 1, electricity resistance, unbreathing,
petrification resistance, rot immunity, AC +6
a: Heroism, Renounce Religion


You were on level 5 of the Dungeon.
You worshipped Okawaru.
Okawaru was pleased with you.
You were not hungry.

You visited 1 branch of the dungeon, and saw 6 of its levels.
You also visited: Sewer.

You collected 200 gold pieces.
You spent 172 gold pieces at shops.

Inventory:

Hand Weapons
 a - a +0 flail
 t - a +1 war axe of flaming
 G - a +0 morningstar (weapon)
Armour
 c - a +0 shield (worn)
 s - a +0 helmet (worn)
 w - a +0 pair of gloves (worn)
 D - a +1 ring mail of magic resistance (worn)
Jewellery
 h - an uncursed ring of protection from fire
 j - an uncursed ring of protection from fire
 u - a ring of protection from magic (right hand)
 y - an amulet of magic regeneration (around neck)
 B - a +3 ring of strength (left hand)
Scrolls
 b - a scroll of random uselessness {unknown}
 e - 8 scrolls of remove curse {unknown}
 i - 2 scrolls of immolation
 k - 8 scrolls of identify {unknown}
 n - 3 scrolls of teleportation {unknown}
 p - a scroll of enchant armour {unknown}
 q - a scroll of enchant weapon {unknown}
 r - 3 scrolls of fear {unknown}
 x - a scroll of fog {unknown}
 C - a scroll of amnesia {unknown}
 E - a scroll of magic mapping {unknown}
Potions
 d - 2 potions of might
 g - 2 potions of haste {unknown}
 l - 2 potions of brilliance {unknown}
 m - a potion of lignification {unknown}
 o - a potion of heal wounds {unknown}
 v - 2 potions of magic {unknown}
 z - 2 potions of agility {unknown}
 A - a potion of curing {unknown}
 F - a potion of flight {unknown}
Comestibles
 f - 7 rations


   Skills:
 + Level 6.6(11.6) Fighting
 + Level 5.5(10.5) Maces & Flails
 + Level 6.5(11.5) Armour
 + Level 4.1(9.1) Dodging
 + Level 6.5(11.5) Shields


You had 8 spell levels left.
You didn't know any spells.
Your spell library contained the following spells:

 Spells                   Type           Power        Failure   Level  Hunger
 Beastly Appendage        Tmut           #.....       65%         1    ##.....
 Sticks to Snakes         Tmut           #.......     78%         2    ###....
 Spider Form              Tmut/Pois      #.........   95%         3    ####...
 Ice Form                 Ice/Tmut       #.......     100%        4    #####..
 Blade Hands              Tmut           #.........   100%        5    ######.


Dungeon Overview and Level Annotations

Branches:
Dungeon (6/15)             Temple (0/1) D:4

Altars:
Ashenzari
Fedhas
Makhleb
Okawaru
Qazlal
Ru
Sif Muna
Vehumet
Xom
Zin
The Shining One

Shops:
D:4 =   D:5 [}

Annotations:
D:2 1 runed translucent door, Crazy Yiuf
D:5 1 runed translucent door, TrebMcFLY's ghost, novice GrFi


Innate Abilities, Weirdness & Mutations

You are resistant to torment.
Your stone body is resilient. (AC +6)
You are immune to poison.
You resist negative energy. (rN+)
You are resistant to electric shocks. (rElec)
You can survive without breathing.
You are immune to petrification.
You are immune to rotting.


Message History

* * * LOW HITPOINT WARNING * * *
Something hits you but does no damage.
An orc wizard appears from thin air!
Reactivating autopickup.
The orc wizard casts a spell.
The orc wizard flickers and vanishes!
Deactivating autopickup; reactivate with Ctrl-A.
Okay, then.
You eat one of the 8 rations.
That ration really hit the spot!
You block the orc warrior's attack.
You gain the combat prowess of a mighty hero.
The orc warrior hits you with a +0 dire flail!
* * * LOW HITPOINT WARNING * * *
You barely miss the orc warrior.
The orc warrior is lightly wounded.
The orc warrior barely misses you.
You puncture the orc warrior!
The orc warrior is heavily wounded.
The orc warrior hits you with a +0 dire flail!
You die...

#.#_#_#.####.....#..##...........
##########......................<
#.#######......#..#...#.......(.
#....................##>........
#..........................##...
##...........<..................
###.###....#)##....#####.####.#
##.###...#..###..## #.#....#
####...........o@...# #...####
..............####..# #..##
..............# #..# ####..##
..............# #..# #......#
..............# #### #......#
(.............# #......#
..............# ########
..............# ..............#


You could see an orc warrior.

Vanquished Creatures
  Grinder (D:6)
  A phantom (D:4)
  2 ice beasts (D:5)
  3 ogres
  A centaur (D:5)
  6 big kobolds (Sewer)
  A bullfrog (D:6)
  A howler monkey (D:6)
  A wight (D:5)
  A crimson imp (D:5)
  A hound (D:4)
  A centaur zombie (D:5)
  3 orc wizards
  A centaur skeleton (D:5)
  A worker ant (D:4)
  4 gnolls (D:4)
  10 adders
  3 river rats (Sewer)
  4 oozes
  10 worms
  A dart slug (D:1)
  5 leopard geckos
  13 orcs
  9 giant cockroaches
  11 goblins
  12 hobgoblins
  7 jackals
  A quokka (D:3)
  2 ball pythons
  6 bats
  7 frilled lizards
  A jackal skeleton (D:4)
  15 kobolds
  18 rats
164 creatures vanquished.

Notes
Turn   | Place    | Note
-------+----------+-------------------------------------------
     0 | D:1      | diana the Gargoyle Fighter began the quest for the Orb.
     0 | D:1      | Reached XP level 1. HP: 14/14 MP: 1/1
    58 | D:1      | Reached XP level 2. HP: 9/19 MP: 2/2
   476 | D:1      | Reached XP level 3. HP: 21/23 MP: 3/3
  1014 | D:2      | Reached skill level 1 in Dodging
  1021 | D:2      | Reached XP level 4. HP: 14/29 MP: 4/4
  1470 | D:2      | Found a runed translucent door.
  1471 | D:2      | Noticed Crazy Yiuf
  2291 | D:3      | Reached XP level 5. HP: 27/33 MP: 5/5
  2385 | D:3      | Found a glowing drain.
  2422 | Sewer    | Entered a sewer
  2759 | Sewer    | Noticed a big kobold
  2782 | Sewer    | Killed a big kobold
  2782 | Sewer    | Reached XP level 6. HP: 39/39 MP: 6/6
  3037 | Sewer    | Reached XP level 7. HP: 42/44 MP: 7/7
  3109 | Sewer    | Reached skill level 5 in Armour
  3109 | Sewer    | Reached skill level 5 in Shields
  3146 | Sewer    | Reached skill level 5 in Fighting
  3442 | D:3      | Found an iron altar of Okawaru.
  3453 | D:3      | Became a worshipper of Warmaster Okawaru
  3957 | D:4      | Found a sacrificial altar of Ru.
  4033 | D:4      | Reached XP level 8. HP: 39/49 MP: 8/8
  4351 | D:4      | Found a staircase to the Ecumenical Temple.
  4524 | D:4      | Found Nyitit's Jewellery Shoppe.
  4527 | D:4      | Bought a +3 ring of strength for 172 gold pieces
  4558 | D:5      | Entered Level 5 of the Dungeon
  4565 | D:5      | Reached * piety under Okawaru
  4690 | D:5      | Reached skill level 5 in Maces & Flails
  4721 | D:5      | Found Ketir's Gadget Shoppe.
  4774 | D:5      | Found Isosee's Armour Shoppe.
  4907 | D:5      | Found a runed translucent door.
  4907 | D:5      | Noticed TrebMcFLY's ghost (novice GrFi)
  4978 | D:5      | Found a glowing silver altar of Zin.
  4981 | D:5      | Found a blossoming altar of Fedhas.
  4985 | D:5      | Found a glowing golden altar of the Shining One.
  4985 | D:5      | Found a radiant altar of Vehumet.
  4985 | D:5      | Found a shattered altar of Ashenzari.
  4986 | D:5      | Found a burning altar of Makhleb.
  4987 | D:5      | Found a shimmering altar of Xom.
  4988 | D:5      | Found a stormy altar of Qazlal.
  4990 | D:5      | Found a deep blue altar of Sif Muna.
  5108 | D:6      | Reached ** piety under Okawaru
  5117 | D:6      | Reached XP level 9. HP: 53/56 MP: 9/9
  5120 | D:6      | Noticed Grinder
  5140 | D:6      | Killed Grinder
  5372 | D:5      | Slain by an orc warrior

Skill      XL: |  1  2  3  4  5  6  7  8  9 |
---------------+----------------------------+-----
Dodging        | 1 2 3 4 |  4.1
Armour         | 4 5 6 |  6.5
Shields        | 4 5 6 |  6.5
Fighting       | 4 5 6 |  6.6
Maces & Flails | 3 4 5 |  5.5

Action                   |  1- 3 |  4- 6 |  7- 9 || total
-------------------------+-------+-------+-------++-------
Melee: Flail             |   152 |   407 |   345 ||   904
       Morningstar       |       |       |    22 ||    22
Invok: Heroism           |       |       |     1 ||     1
 Stab: Paralysed         |       |       |     1 ||     1
  Eat: Chunk             |       |     8 |     7 ||    15
       Ration            |       |       |     1 ||     1
Armor: Scale mail        |    93 |   221 |   111 ||   425
       Ring mail         |       |       |    97 ||    97
Dodge: Dodged            |    61 |   148 |   160 ||   369
Block: Shield            |    97 |   214 |   222 ||   533
